 Dungeon Crawl Stone Soup version 0.29-a0-378-gc08b2e8bf8 (webtiles) character file.

Game seed: 2591632880771112274

18 zishaf the Sneak (level 2, 0/15 HPs)
             Began as a Vine Stalker Brigand on May 4, 2022.
             Succumbed to an adder's poison
             ... on level 2 of the Dungeon.
             The game lasted 00:01:09 (796 turns).

zishaf the Sneak (Vine Stalker Brigand)              Turns: 796, Time: 00:01:10

Health: 0/15       AC:  3    Str: 13    XL:     2   Next: 66%
Magic:  2/3        EV: 11    Int: 11    God:
Gold:   34         SH:  0    Dex: 15    Spells: 1/1 levels left

rFire   + . .      SeeInvis .   a - +2 dagger
rCold   . . .      Faith    .   (no shield)
rNeg    . . .      Spirit   +   b - +0 robe
rPois   .          Reflect  .   (no helmet)
rElec   .          Harm     .   c - +0 cloak
rCorr   .          Rampage  .   (no gloves)
Will    .....                   (no boots)
Stlth   +++.......              (no amulet)
HPRegen 0.05/turn               g - ring of protection from fire
MPRegen 0.08/turn               (no ring)

@: lethally poisoned (0 -> -7), hasted, very quick
A: fangs 2, magic shield, antimagic bite, no potion heal 2
a: no special abilities


You were on level 2 of the Dungeon.
You visited 1 branch of the dungeon, and saw 2 of its levels.

You collected 34 gold pieces.

Inventory:

Hand Weapons
 a - a +2 dagger (weapon)
Missiles
 d - 9 poisoned darts (quivered)
 e - 3 curare-tipped darts
Armour
 b - a +0 robe (worn)
 c - a +0 cloak (worn)
Jewellery
 g - a ring of protection from fire (left hand)
Scrolls
 h - a scroll of poison {unknown}
 k - a scroll of immolation {unknown}
 l - a scroll of acquirement {unknown}
Potions
 i - a potion of attraction {unknown}
 j - a potion of curing {unknown}


   Skills:
 + Level 2.2 Fighting
 + Level 2.1 Short Blades
 - Level 1.7 Throwing
 - Level 0.7 Dodging
 + Level 5.2 Stealth


You had one spell level left.
You didn't know any spells.
Your spell library was empty.

Dungeon Overview and Level Annotations

Branches:
Dungeon (2/15)

Altars:


Innate Abilities, Weirdness & Mutations

You have extremely sharp teeth.
When hurt, damage is shared between your health and your magic reserves.
Your bite disrupts and absorbs the magic of your enemies.
Potions cannot restore your health.


Message History

Magic restored.
An adder comes into view.
The adder hisses angrily.
You hit the adder.
The adder is lightly wounded.
The adder bites you but does no damage.
You closely miss the adder. Your bite misses the adder.
The adder is lightly wounded.
The adder misses you.
You hit the adder. Your bite misses the adder.
The adder is moderately wounded.
The adder closely misses you.
You miss the adder.
The adder is moderately wounded.
The adder bites you.
You are poisoned.
The adder poisons you!
You barely miss the adder.
The adder is moderately wounded.
You feel sick. The adder bites you but does no damage.
You hit the adder.
The adder is severely wounded.
You feel sick. The adder bites you.
You are more poisoned.
The adder poisons you! The adder closely misses you.
You closely miss the adder. Your bite misses the adder.
The adder is severely wounded.
You feel sick. The adder bites you.
You are more poisoned.
The adder poisons you!
You are too injured to fight recklessly!
You hit the adder.
You kill the adder!
* * * LOW HITPOINT WARNING * * *
You feel sick.
* * * LOW HITPOINT WARNING * * *
You feel sick.
You see here an adder corpse.
It was a potion of haste.
You feel yourself speed up.
You die...

###### #<...# #
#..#.# #.#..#.#
#.#..#.# #
#####.####.#.#####
....!.............
..#.......#.###.#
#...@...#(#
#.........#
#.......###
#.......#
##.###### #. #. #.


There were no monsters in sight!

Vanquished Creatures
  An adder (D:2)
  A goblin (D:1)
  3 quokkas
  A ball python (D:1)
  A bat (D:1)
  A kobold (D:1)
  2 rats (D:1)
10 creatures vanquished.

Vanquished Creatures (others)
  A plant (D:2)
1 creature vanquished.

Grand Total: 11 creatures vanquished

Notes
Turn   | Place    | Note
-------+----------+-------------------------------------------
     0 | D:1      | zishaf the Vine Stalker Brigand began the quest for the
                  | Orb.
     0 | D:1      | Reached XP level 1. HP: 11/11 MP: 2/2
   262 | D:1      | Reached skill level 5 in Stealth
   383 | D:1      | Reached XP level 2. HP: 15/15 MP: 3/3
   796 | D:2      | Succumbed to an adder's poison

Illustrated notes

Levels and vault maps discovered:
D:1:      dpeg_arrival_houses_and_road, layout_basic
D:2:      cheibrodos_old_hovel, layout_basic, serial_bayou_pond_e

Skill      XL: |  1 |
---------------+----+-----
Fighting       | 2 |  2.2
Short Blades   | 2 |  2.1
Stealth        | 5 |  5.2
Throwing       | |  1.7
Dodging        | |  0.7

Action                   || total
-------------------------++-------
Melee: Dagger            ||    31
       Bite              ||     3
  Use: Potion            ||     1
 Stab: Sleeping          ||     2
Armor: Robe              ||     4
Dodge: Dodged            ||    15

Table legend: (Time is in decaauts)
 A = Elapsed time spent in this place.
 B = Non-inter-level travel time spent in this place.
 C = Inter-level travel time spent in this place.
 D = Time resting spent in this place.
 E = Time spent auto-exploring this place.
 F = Levels seen in this place.
 G = Mean time per level.
                   A        B        C        D        E       F      G
               +--------+--------+--------+--------+--------+-----+--------+
         Total |    792 |    764 |     28 |      0 |    674 |   2 |  396.0 |
       Dungeon |    792 |    764 |     28 |      0 |    674 |   2 |  396.0 |
               +--------+--------+--------+--------+--------+-----+--------+

Top non-repeatable levels by time:
     D:1: 595 daAuts
     D:2: 196 daAuts
